 Dungeon Crawl Stone Soup version 0.17.0-23-g0de4337 (webtiles) character file.

963 TruthSerum the Ruffian (level 7, -3/71 HPs)
             Began as a Troll Monk on Nov 15, 2015.
             Was a Believer of Okawaru.
             Slain by a slave (9 damage)
             ... led by Pikel
             ... on level 5 of the Dungeon.
             The game lasted 00:14:59 (3316 turns).

TruthSerum the Ruffian (Troll Monk)                 Turns: 3316, Time: 00:14:59

Health: -3/71      AC:  8    Str: 20    XL:     7   Next: 92%
Magic:  6/6        EV: 12    Int:  6    God:    Okawaru [**....]
Gold:   231        SH:  0    Dex: 14    Spells: 0 memorised, 6 levels left

rFire  + . .     SeeInvis .       - Unarmed
rCold  . . .     Clarity  +     a - +0 robe
rNeg   . . .     SustAt   .     (no shield)
rPois  .         Gourm    +     (helmet restricted)
rElec  .         Spirit   .     p - +2 cloak
rCorr  .         Warding  .     (gloves unavailable)
rMut   .         Stasis   .     (boots unavailable)
MR     .....                    (no amulet)
Stlth  ++........               (no ring)
                                (no ring)

@: not resistant to hostile enchantments, unstealthy
A: unfitting armour, claws 3, clarity, fire resistance 1, fast metabolism 3,
gourmand, sense surroundings 1, regeneration 2, shaggy fur 1, tough skin 2
a: Heroism, Renounce Religion


You were on level 5 of the Dungeon.
You worshipped Okawaru.
Okawaru was pleased with you.
You were very full.

You visited 2 branches of the dungeon, and saw 6 of its levels.
You also visited: Sewer.

You collected 231 gold pieces.

Inventory:

Armour
 a - a +0 robe (worn)
 p - a +2 cloak (worn)
 y - a troll hide {Purgy}
Wands
 g - a wand of fireball (12)
Scrolls
 c - a scroll of identify
 e - a scroll of teleportation
 i - 4 scrolls of recharging {unknown}
Potions
 d - a potion of curing
 j - 2 potions of brilliance
 l - a potion of invisibility {unknown}
 n - a potion of haste {unknown}
 o - 5 potions of heal wounds {unknown}
 q - a potion of agility {unknown}
 u - a potion of degeneration {unknown}
Comestibles
 b - 5 bread rations
 f - 2 fruits
 h - 4 meat rations
 m - a beef jerky
 x - a royal jelly


   Skills:
 + Level 4.4 Fighting
 + Level 4.4 Dodging
 - Level 1.1 Stealth
 * Level 7.5 Unarmed Combat
 + Level 1.1 Invocations


You had 6 spell levels left.
You didn't know any spells.

Dungeon Overview and Level Annotations

Branches:
Dungeon (5/15)             Temple (1/1) D:4

Altars:
Ashenzari
Cheibriados
Dithmenos
Elyvilon
Fedhas
Gozag
Kikubaaqudgha
Makhleb
Nemelex Xobeh
Okawaru
Qazlal
Ru
Sif Muna
Trog
Vehumet
Xom
Zin
The Shining One

Annotations:
D:5 Pikel


Innate Abilities, Weirdness & Mutations

You are too large for most types of armour.
You have claws for hands.
Your metabolism is lightning-fast.
You like to eat raw meat.
You heal very quickly.
You are covered in fur (AC +1).
You have very tough skin (AC +2).
You possess an exceptional clarity of mind.
Your flesh is heat resistant.
You passively map a small area around you.


Message History

Pikel hits you but does no damage. The slave hits you but does no damage.
The slave hits you.
* * * LOW HITPOINT WARNING * * *
The slave hits you but does no damage.
You scratch Pikel but do no damage.
Pikel is almost dead.
The slave closely misses you. Pikel hits you with a whip of freezing.
* * * LOW HITPOINT WARNING * * *
Pikel freezes you.
* * * LOW HITPOINT WARNING * * *
The slave closely misses you. The slave hits you but does no damage.
You scratch Pikel but do no damage. Your claw misses Pikel.
Pikel is almost dead.
The slave hits you but does no damage. x2
Pikel barely misses you.
You barely miss Pikel.
Pikel is almost dead.
The slave hits you but does no damage. The slave barely misses you.
The slave barely misses you. The slave hits you!
You die...

, #######...## ,
#...........###.
#................
, *
#................
, ,
#...............
..........%...# ,
* #.......pKp#.#
#......p@..# *,,
#.....p..## * ,
##.......#
##.....## * ,
##....# * , ,
##..### , , , ,
#...# , ,,
.######..## * ,
........### * ,


You could see Pikel and 4 slaves.

Vanquished Creatures
  Grinder (D:4)
  Eustachio (D:5)
  Purgy (Sewer)
  An ogre (D:5)
  Blork the orc (D:4)
  The ghost of Almacia the Conjurer, a weakling GrCj (D:3)
  Crazy Yiuf (D:2)
  2 orc wizards (D:3)
  A hound (D:4)
  Natasha (thrice) (D:2)
  A worker ant zombie (D:5)
  Robin (D:3)
  3 gnolls (D:2)
  7 adders
  An ooze (D:2)
  3 worms
  4 giant geckos
  6 orcs
  7 hobgoblins
  5 jackals
  14 kobolds
  3 bats
  2 giant cockroaches (D:4)
  5 giant newts
  11 goblins
  9 rats
  A fungus (D:2)
96 creatures vanquished.

Notes
Turn   | Place    | Note
--------------------------------------------------------------
     0 | D:1      | TruthSerum the Troll Monk began the quest for the Orb.
     0 | D:1      | Reached XP level 1. HP: 22/22 MP: 0/0
   314 | D:1      | Reached XP level 2. HP: 29/29 MP: 1/1
   411 | D:1      | Found a sparkling altar of Nemelex Xobeh.
   662 | D:2      | Reached XP level 3. HP: 19/36 MP: 2/2
   720 | D:2      | Reached XP level 4. HP: 20/44 MP: 3/3
   807 | D:2      | Noticed Natasha
   812 | D:2      | Killed Natasha
   812 | D:2      | Reached skill level 5 in Unarmed Combat
   899 | D:2      | Noticed Natasha
   903 | D:2      | Killed Natasha
  1000 | D:2      | Reached XP level 5. HP: 49/53 MP: 4/4
  1079 | D:2      | Noticed Natasha
  1082 | D:2      | Killed Natasha
  1166 | D:2      | Noticed Crazy Yiuf
  1171 | D:2      | Killed Crazy Yiuf
  1604 | D:3      | Noticed Robin
  1630 | D:3      | Killed Robin
  1779 | D:3      | Noticed Almacia's ghost (weakling GrCj)
  1788 | D:3      | Killed Almacia's ghost
  1788 | D:3      | Reached XP level 6. HP: 46/61 MP: 5/5
  1866 | D:3      | Reached skill level 6 in Unarmed Combat
  2247 | D:4      | Found a staircase to the Ecumenical Temple.
  2317 | D:4      | Noticed Grinder
  2323 | D:4      | Killed Grinder
  2323 | D:4      | Reached XP level 7. HP: 60/68 MP: 6/6
  2337 | D:4      | Noticed Blork the orc
  2349 | D:4      | Killed Blork the orc
  2516 | D:4      | Found a glowing drain.
  2520 | Sewer    | Entered a sewer
  2533 | Sewer    | Noticed Purgy
  2539 | Sewer    | Killed Purgy
  2539 | Sewer    | Reached skill level 7 in Unarmed Combat
  2952 | Temple   | Entered the Ecumenical Temple
  3046 | Temple   | Became a worshipper of Warmaster Okawaru
  3046 | Temple   | Reached * piety under Okawaru
  3046 | Temple   | Reached ** piety under Okawaru
  3117 | D:4      | Gained mutation: Your flesh is heat resistant. [potion of beneficial mutation]
  3120 | D:4      | Gained mutation: Your spells are a little harder to cast, but a little more powerful. [potion of mutation]
  3120 | D:4      | Gained mutation: You possess an exceptional clarity of mind. [potion of mutation]
  3120 | D:4      | Gained mutation: Your muscles are strong. (Str +2) [potion of mutation]
  3121 | D:4      | Lost mutation: Your muscles are strong. (Str +2) [potion of mutation]
  3121 | D:4      | Lost mutation: Your spells are a little harder to cast, but a little more powerful. [potion of mutation]
  3121 | D:4      | Gained mutation: You passively map a small area around you. [potion of mutation]
  3136 | D:5      | Entered Level 5 of the Dungeon
  3262 | D:5      | Noticed Eustachio
  3273 | D:5      | Killed Eustachio
  3273 | D:5      | Reached skill level 1 in Invocations
  3299 | D:5      | Noticed Pikel
  3316 | D:5      | Slain by a slave

Action                   |  1- 3 |  4- 6 |  7- 9 || total
-------------------------+-------+-------+-------++-------
Melee: Unarmed           |    65 |   149 |    70 ||   284
  Use: Scroll            |       |       |    11 ||    11
       Potion            |       |       |     3 ||     3
 Stab: Sleeping          |     3 |       |     4 ||     7
  Eat: Chunk             |    11 |    16 |     8 ||    35
